AoeStats
← TIMVP

Arabia

509968760Analyzed
2v2 RM · 3d ago on Sep 28, 2026· 21m 44s· 4 players
Game mode
Random Map
Map size
Medium (4 player)
Population
200
Speed
Normal
Resources
Standard
Victory
Conquest
Starting age
Dark Age
Ending age
Imperial Age
RankedLock teamsTeams togetherTeam positionsShared explorationLock speedFull tech treeHidden civsTurbo modeCheats
Victory
Defeat
🇺🇸 Romans · United States
713
+19
🇺🇸 Aztecs · United States
710
+19
🇵🇪 Danes · Peru
792
-19
🇵🇪 Koreans · Peru
773
-19
TIMVP
4:37 Loom
13:07 Feudal Age
14:47 Wheelbarrow
13:59 Double-Bit Axe
15:08 Loom
15:32 Horse Collar
16:59 Man-at-Arms
A†ilA
9:53 Loom
12:36 Feudal Age
14:24 Wheelbarrow
23:10 Castle Age
22:00 Fletching
ChairBoy6237
9:17 Loom
11:02 Feudal Age
11:41 Man-at-Arms
12:49 Forging
12:41 Scale Mail Armor
SalamiPocket
10:09 Feudal Age
8:26 Loom
17:51 Castle Age
16:25 Double-Bit Axe
18:34 Wheelbarrow
17:49 Horse Collar
19:34 Forging
20:13 Gold Mining
Connection lost

Rejoining the realm…

Still unreachable

The connection could not be restored.

Session expired

The server has moved on; the page needs a fresh start.